 Dungeon Crawl Stone Soup version 0.26.1-11-gd32895ea62 (webtiles) character file.

Game seed: 14244743741627420247

58 phalm the Conjurer (level 3, 0/19 HPs)
             Began as a Deep Elf Conjurer on May 4, 2021.
             Killed by divine providence
             ... invoked by an orc priest
              (16 damage)
             ... on level 3 of the Dungeon.
             The game lasted 00:03:20 (2268 turns).

phalm the Conjurer (Deep Elf Conjurer)              Turns: 2268, Time: 00:03:21

Health: 0/19       AC:  3    Str:  4    XL:     3   Next: 75%
Magic:  1/9        EV: 13    Int: 23    God:
Gold:   87         SH:  0    Dex: 13    Spells: 5/8 levels left

rFire    . . .     SeeInvis .   b - +1 mace (drain)
rCold    . . .     Faith    .   (no shield)
rNeg     . . .     Spirit   .   a - +0 robe
rPois    .         Reflect  .   (no helmet)
rElec    .         Harm     .   n - +0 cloak (curse)
rCorr    .         Rampage  .   (no gloves)
Will     .....     Rnd*Tele +   (no boots)
Stlth    ++........             g - amulet of inaccuracy (curse)
HPRegen  0.06/turn              t - ring of teleportation (curse)
MPRegen  0.11/turn              (no ring)

@: no status effects
A: no striking features
a: no special abilities


You were on level 3 of the Dungeon.
You visited 1 branch of the dungeon, and saw 3 of its levels.

You collected 87 gold pieces.


   Skills:
 + Level 0.7 Armour
 - Level 2.4 Dodging
 - Level 2.4 Stealth
 - Level 3.0 Spellcasting
 * Level 5.8 Conjurations


You had 5 spell levels left.
You knew the following spells:

 Your Spells              Type           Power        Failure   Level
m - Magic Dart            Conj           100%         1%          1
s - Searing Ray           Conj           60%          1%          2

Your spell library contained the following spells:

 Spells                   Type           Power        Failure   Level
 Dazzling Flash           Conj/Hex       32%          11%         3
 Fulminant Prism          Conj/Hex       8%           34%         4
 Iskenderun's Mystic Bla  Conj/Tloc      16%          34%         4

Inventory:

Hand Weapons
 b - a +1 mace of draining (weapon)
   (You found it on level 1 of the Dungeon)
Missiles
 l - 5 atropa-tipped darts
Armour
 a - a +0 robe (worn)
 k - a +1 leather armour of poison resistance
   (You found it on level 2 of the Dungeon)
 n - a cursed +0 cloak (worn)
   (You found it on level 2 of the Dungeon)
Jewellery
 g - a cursed amulet of inaccuracy (around neck)
   (You found it on level 1 of the Dungeon)
 t - a cursed ring of teleportation (left hand)
   (You found it on level 2 of the Dungeon)
Scrolls
 e - 2 scrolls of identify {unknown}
 f - 2 scrolls of remove curse {unknown}
 h - a scroll of fear {unknown}
 i - 2 scrolls of noise {unknown}
Potions
 c - a potion of degeneration {unknown}
 d - 2 potions of curing {unknown}
 j - a potion of brilliance {unknown}
 m - a potion of might {unknown}
 o - a potion of flight {unknown}
 p - a potion of attraction {unknown}

Dungeon Overview and Level Annotations

Branches:
Dungeon (3/15)

Altars:
# .# .. # .# .##..####.# .?.....@).# ..#..####o# # l# )K .# .# #

You could see an orc priest, a kobold and a frilled lizard.


Message History

You kill the frilled lizard! 😎 MP[-1]
You lost 1 mp, and now have 8/9 mp.
o - a smoky silvery potion 😎 MP[+1]
Your mp is fully restored (9).
A worm comes into view.
The magic dart hits the worm. 😎 MP[-1]
You lost 1 mp, and now have 8/9 mp.
The magic dart hits the worm. 😎 MP[-1]
You lost 1 mp, and now have 7/9 mp.
Casting: Magic Dart (safe; 1% risk of failure)
Confirm with . or Enter, or press ? or * to list all spells.
Aiming: Searing Ray (safe; 1% risk of failure)
Press: ? - help, Shift-Dir - straight line, f/p - worm
Aim: a worm (moderately wounded, 11% to evade)
The searing ray hits the worm. (Press . to maintain the ray.) 😎 MP[-2]
You lost 2 mp, and now have 5/9 mp.
The searing ray hits the worm!
You kill the worm! 😎 MP[-1]
You lost 1 mp, and now have 4/9 mp.
You see here a frilled lizard corpse.
You now have 76 gold pieces (gained 15).
Found a stone staircase leading down. 😎 MP[+5]
Your mp is fully restored (9).
p - a viscous emerald potion You see here a plate armour.
You see here a rat skeleton.
You see here a scale mail.
A rat comes into view.
The magic dart hits the rat.
You kill the rat!
A rat comes into view. 😎 MP[-1]
You lost 1 mp, and now have 8/9 mp.
The magic dart hits the rat.
You kill the rat! 😎 MP[-1]
You lost 1 mp, and now have 7/9 mp.
You see here a rat corpse.
You now have 87 gold pieces (gained 11).
Done exploring. 😎 MP[+2]
Your mp is fully restored (9).
Done exploring.
(D) Dungeon
Where to? (Enter - D:2, ? - help)
There is a stone staircase leading down here.
You climb downwards. 2 orcs come into view.
There is a stone staircase leading up here.
The magic dart hits the orc.
The orc shouts!
You hear a shout!
You hear an angry hiss. 😎 MP[-1]
You lost 1 mp, and now have 8/9 mp.
The magic dart hits the orc.
You kill the orc!
You hear a shout!
An orc comes into view. It is wielding a +0 flail.
You hear a shout! 😎 MP[-1]
You lost 1 mp, and now have 7/9 mp.
The magic dart hits the orc!
You kill the orc!
An orc priest comes into view. 😎 MP[-1]
You lost 1 mp, and now have 6/9 mp.
The magic dart hits the orc but does no damage.
The orc priest shouts! 😎 MP[-1]
You lost 1 mp, and now have 5/9 mp.
The magic dart hits the orc but does no damage.
A frilled lizard comes into view. 😎 MP[-1]
You lost 1 mp, and now have 4/9 mp.
The magic dart hits the orc but does no damage.
An orc comes into view. It is wielding a +0 flail. 😎 MP[-1]
You lost 1 mp, and now have 3/9 mp.
The magic dart hits the orc. 😎 MP[-1]
You lost 1 mp, and now have 2/9 mp.
The magic dart hits the orc but does no damage.
The orc hits you with a +0 mace.
A kobold comes into view.
It is wielding a +0 short sword. 😕 HP[-3] MP[-1]
You take 3 damage, and now have 16/19 hp.
You lost 1 mp, and now have 1/9 mp.
The magic dart hits the orc.
You kill the orc!
The orc priest mumbles some strange prayers to Beogh against you.
Beogh smites you!
Ouch! That really hurt!
You die...

Skill      XL: |  1  2 |
---------------+-------+-----
Conjurations   | 5 |  5.8
Armour         | |  0.7
Dodging        | |  2.4
Stealth        | |  2.4
Spellcasting   | |  3.0

Action                   || total
-------------------------++-------
 Cast: Magic Dart        ||    76
       Searing Ray       ||     2
Dodge: Dodged            ||     6

Levels and vault maps discovered:
D:1:      tarquinn_simple_flora_water_e, layout_basic, serial_bayou,
          serial_bayou_pond_e, serial_bayou_shore_b, serial_bayou_crossing,
          serial_bayou_pond_b
D:2:      layout_basic
D:3:      layout_loops_ring, gammafunk_ghost_gnarly_gnolls

Notes
Turn   | Place    | Note
-------+----------+-------------------------------------------
     0 | D:1      | phalm the Deep Elf Conjurer began the quest for the Orb.
     0 | D:1      | Reached XP level 1. HP: 10/10 MP: 6/6
     0 | D:1      | magus.rc [v1.9.10]
   568 | D:1      | Reached XP level 2. HP: 15/15 MP: 1/8
   571 | D:1      | Learned a level 2 spell: Searing Ray
   724 | D:1      | Reached skill level 5 in Conjurations
  1604 | D:2      | Reached XP level 3. HP: 19/19 MP: 7/9
  2268 | D:3      | Killed from afar by an orc priest

Vanquished Creatures
  An adder (D:2)
  2 worms (D:2)
  2 dart slugs (D:1)
  3 orcs (D:3)
  A giant cockroach (D:2)
  5 goblins
  5 hobgoblins
  A bat (D:1)
  7 frilled lizards
  A jackal skeleton (D:2)
  4 kobolds
  10 rats
42 creatures vanquished.

Table legend:
 A = Non-vault XP
 B = Vault XP
 C = Vault XP percentage of total XP
 D = Non-vault monster count
 E = Vault monster count
 F = Vault count percentage of total count
                 A         B        C        D         E       F
            +---------+---------+-------+---------+---------+-------
      Total |      81 |       5 |   5.8 |      38 |       4 |   9.5
            +---------+---------+-------+---------+---------+-------
        D:1 |      27 |       5 |  15.6 |      15 |       4 |  21.1
        D:2 |      45 |       0 |   0.0 |      20 |       0 |   0.0
        D:3 |       9 |       0 |   0.0 |       3 |       0 |   0.0
            +---------+---------+-------+---------+---------+-------

Illustrated notes

Table legend:
 A = Kills in this place as a percentage of kills in entire the game.
 B = Kills by you in this place as a percentage of kills by you in the entire game.
 C = Kills by friends in this place as a percentage of kills by friends in the entire game.
 D = Other kills in this place as a percentage of other kills in the entire game.
 E = Experience gained in this place as a percentage of experience gained in the entire game.
 F = Experience gained in this place divided by the number of levels of this place that you have seen.
                   A       B       C       D       E      F
               +-------+-------+-------+-------+-------+----------------------
         Total | 100.0 | 100.0 |   N/A |   N/A | 100.0 |  28.7
       Dungeon | 100.0 | 100.0 |   N/A |   N/A | 100.0 |  28.7
               +-------+-------+-------+-------+-------+----------------------

Table legend: (Time is in decaauts)
 A = Elapsed time spent in this place.
 B = Non-inter-level travel time spent in this place.
 C = Inter-level travel time spent in this place.
 D = Time resting spent in this place.
 E = Time spent auto-exploring this place.
 F = Levels seen in this place.
 G = Mean time per level.
                   A        B        C        D        E       F      G
               +--------+--------+--------+--------+--------+-----+--------+
         Total |   2278 |   2235 |     43 |      0 |   2058 |   3 |  759.3 |
       Dungeon |   2278 |   2235 |     43 |      0 |   2058 |   3 |  759.3 |
               +--------+--------+--------+--------+--------+-----+--------+

Top non-repeatable levels by time:
     D:1: 1280 daAuts
     D:2: 989 daAuts
     D:3: 8 daAuts
